 Dungeon Crawl Stone Soup version 0.31.0-9-g3a7656b989 (webtiles) character file.

Game seed: 10935058674158408518

22 qw the Shooter (level 2, 0/14 HPs)
             Began as a Spriggan Hunter on Feb 2, 2024.
             Slain by a kobold
             ... wielding a +0 whip
              (2 damage)
             ... on level 1 of the Dungeon.
             The game lasted 00:00:03 (752 turns).

qw the Shooter (Spriggan Hunter)                     Turns: 752, Time: 00:00:03

Health: 0/14       AC:  3    Str:  7    XL:     2   Next: 68%
Magic:  3/3        EV: 19    Int: 10    God:
Gold:   68         SH:  0    Dex: 18    Spells: 1/1 levels left

rFire   . . .        a - +0 shortbow
rCold   . . .        (shield currently unavailable)
rNeg    . . .        c - +0 robe
rPois   .            (helmet restricted)
rElec   .            h - +0 cloak
rCorr   .            (gloves unavailable)
SInv    +            (boots unavailable)
Will    .....        (no amulet)
Stlth   ++           (no ring)
HPRegen 0.22/turn    (no ring)
MPRegen 0.08/turn

%: no passive effects
@: very quick
A: very small, no large weapons, unfitting armour, see invisible, speed 3
a: no special abilities


You were on level 1 of the Dungeon.
You visited 1 branch of the dungeon, and saw 2 of its levels.

You collected 68 gold pieces.


Innate Abilities, Weirdness & Mutations

You are very small and have problems with some larger weapons.
You are too small for most types of armour.
You have supernaturally acute eyesight. (SInv)
You cover ground extremely quickly. (Speed+++)


   Skills:
 - Level 1.5 Fighting
 + Level 4.2 Ranged Weapons
 - Level 4.0 Dodging
 - Level 1.5 Stealth


You had one spell level left.
You didn't know any spells.
Your spell library was empty.

Inventory:

Hand Weapons
 a - a +0 shortbow (weapon)
Armour
 c - a +0 robe (worn)
 h - a +0 cloak (worn)
Potions
 f - a potion of might
 g - a potion of curing

Dungeon Overview and Level Annotations

Branches:
Dungeon (2/15)

Altars:

Annotations:
D:1 1 runed translucent door


Message History

Could not explore, unopened runed door.
What level of the Dungeon? (default 1, ? - help)
The jelly jiggles.
There is a stone staircase leading down here.
The rat twitches its whiskers.
You climb downwards.
The jackal barks! x3
Found a short sword.
There is a stone staircase leading up here.
There are monsters nearby!
Waypoint 1 assigned to D:2.
741 ||| STAIRDANCE The kobold shouts!
The jackal barks!
You hear a shout!
The kobold hits you with a +0 whip.
You climb upwards.
Level annotation: 1 runed translucent door
There is a stone staircase leading down here.
You start resting.
HP restored.
You climb downwards.
The jackal bites you. The jackal completely misses you.
The kobold hits you with a +0 whip. The jackal misses you.
There is a stone staircase leading up here.
748 ||| STAIRDANCE The jackal completely misses you.
The kobold hits you with a +0 whip.
You climb upwards.
Level annotation: 1 runed translucent door
There is a stone staircase leading down here.
You shoot an arrow. The arrow hits the jackal.
The jackal is almost dead.
The jackal bites you.
The jackal bites you but does no damage.
The kobold closely misses you. The jackal closely misses you. x2
You shoot an arrow. The arrow hits the jackal.
You kill the jackal!
The jackal completely misses you. The kobold hits you with a +0 whip.
The jackal misses you.
You shoot an arrow. The arrow hits the jackal.
The jackal is heavily wounded.
The kobold hits you with a +0 whip.
You die...

.....#####............# #...##...
.....# #............# #...##...
.....# #............####'###.#.
....%# #.............#...###+#.
.....# #.............######....
.)...# ###.........###......+...#
.....###.................####...#
.........###+#######'###.#......#
####.....#..}..K@%..}..#.#......#
#.....#.....h<...[..#.#......#
#.....+}....###....}'.....####
#.....#.......!.....#.#...# #
#.....#######+#######.#...####
#.....#...hhJhrJBJJr#.......##
#####.#....hwBJBrJB.#.....#.##
#.#.......Bhr...#.###.#.##
#.###############.###.#.##


You could see a jelly, an endoplasm, 2 jackals, 2 giant cockroaches, a kobold
and a rat.

Vanquished Creatures
  4 bats (D:1)
  2 endoplasms (D:1)
  2 giant cockroaches (D:1)
  A goblin (D:1)
  A hobgoblin (D:1)
  A jackal (D:1)
  2 quokkas (D:1)
  A ball python (D:1)
  3 frilled lizards (D:1)
  2 kobolds (D:1)
  A rat (D:1)
20 creatures vanquished.

Notes
Turn   | Place    | Note
-------+----------+-------------------------------------------
     0 | D:1      | qw the Spriggan Hunter began the quest for the Orb.
     0 | D:1      | Reached XP level 1. HP: 10/10 MP: 2/2
     0 | D:1      | 0 ||| qw: Version: 0.3-a-155-g5e7d8dd
     0 | D:1      | 0 ||| qw: Game counter: 710
     0 | D:1      | 0 ||| qw: Melee chars always use a shield: true
     0 | D:1      | 0 ||| qw: God list: Okawaru
     0 | D:1      | 0 ||| qw: Allow faded altars: false
     0 | D:1      | 0 ||| qw: Do Orc after clearing Dungeon:15 true
     0 | D:1      | 0 ||| qw: Do second Lair branch before Depths: true
     0 | D:1      | 0 ||| qw: Lair rune preference: random
     0 | D:1      | 0 ||| qw: Goals: Normal
     0 | D:1      | 0 ||| PLANNING D:1-11
     1 | D:1      | Found a runed translucent door.
     2 | D:1      | Noticed a jelly
    74 | D:1      | Reached skill level 3 in Dodging
   104 | D:1      | Reached XP level 2. HP: 14/14 MP: 3/3
   227 | D:1      | Found a faded altar of an unknown god.
   699 | D:1      | 699 ||| UPGRADING to +0 cloak.
   704 | D:1      | 704 ||| READING 2 scrolls labelled ZOIMOT HASASU.
   704 | D:1      | 704 ||| IDENTIFYING glowing emerald potion
   705 | D:1      | 705 ||| READING scroll of identify.
   705 | D:1      | 705 ||| IDENTIFYING fuming dark potion
   706 | D:1      | 706 ||| READING scroll labelled XYFRED MAASSA.
   733 | D:1      | 733 ||| DRINKING 2 golden potions.
   734 | D:1      | 734 ||| DROPPING scroll of butterflies.
   735 | D:1      | 735 ||| DROPPING potion of ambrosia.
   741 | D:2      | 741 ||| STAIRDANCE
   748 | D:2      | 748 ||| STAIRDANCE
   751 | D:1      | HP: 1/14 [kobold/+0 whip (4)]
   752 | D:1      | Slain by a kobold

Levels and vault maps discovered:
D:1:      dpeg_arrival_caged_fury, layout_basic, chequers_ecumenical_altar_grove
D:2:      kb_forest_paths, layout_basic

Skill      XL: |  1  2 |
---------------+-------+-----
Dodging        | 3 4 |  4.0
Fighting       | |  1.5
Ranged Weapons | |  4.2
Stealth        | |  1.5

Action                     || total
---------------------------++-------
   Fire: Shortbow          ||    51
    Use: Scroll            ||     3
         Potion            ||     1
 Armour: Robe              ||    10
  Dodge: Dodged            ||    14

Table legend:
 A = Non-vault XP
 B = Vault XP
 C = Vault XP percentage of total XP
 D = Non-vault monster count
 E = Vault monster count
 F = Vault count percentage of total count
                 A         B        C        D         E       F
            +---------+---------+-------+---------+---------+-------
      Total |      32 |       0 |   0.0 |      20 |       0 |   0.0
            +---------+---------+-------+---------+---------+-------
        D:1 |      32 |       0 |   0.0 |      20 |       0 |   0.0
            +---------+---------+-------+---------+---------+-------
